 Dungeon Crawl Stone Soup version 0.28.0 (webtiles) character file.

Game seed: 2179378251403915355

111 pericles the Sneak (level 4, 0/21 HPs)
             Began as a Spriggan Enchanter on Feb 20, 2022.
             Slain by a goblin (1 damage)
             ... led by Robin
             ... on level 3 of the Dungeon.
             The game lasted 00:16:46 (2784 turns).

pericles the Sneak (Spriggan Enchanter)             Turns: 2784, Time: 00:16:46

Health: 0/21       AC:  3    Str:  4    XL:     4   Next: 62%
Magic:  8/10       EV: 18    Int: 16    God:
Gold:   88         SH:  0    Dex: 17    Spells: 8/10 levels left

rFire   . . .      SeeInvis +   a - +1 dagger
rCold   . . .      Faith    .   (no shield)
rNeg    . . .      Spirit   .   b - +0 robe
rPois   .          Reflect  .   (helmet restricted)
rElec   .          Harm     .   d - +0 cloak
rCorr   .          Rampage  .   (gloves unavailable)
Will    .....                   (boots unavailable)
Stlth   +++.......              (no amulet)
HPRegen 0.07/turn               (no ring)
MPRegen 0.12/turn               (no ring)

@: very quick
A: very small, no large weapons, unfitting armour, see invisible, speed 3
a: no special abilities


You were on level 3 of the Dungeon.
You visited 1 branch of the dungeon, and saw 3 of its levels.

You collected 88 gold pieces.

Inventory:

Hand Weapons
 a - a +1 dagger (weapon)
 f - a +0 rapier
Missiles
 e - 126 stones (quivered)
 h - 5 poisoned darts
Armour
 b - a +0 robe (worn)
 d - a +0 cloak (worn)
Scrolls
 i - a scroll of magic mapping {unknown}
 j - a scroll of enchant armour {unknown}
 k - a scroll of identify {unknown}


   Skills:
 + Level 0.3 Fighting
 + Level 2.1 Short Blades
 + Level 3.2 Dodging
 + Level 5.5 Stealth
 + Level 3.5 Spellcasting
 + Level 4.4 Hexes
 + Level 0.6 Ice Magic


You had 8 spell levels left.
You knew the following spells:

 Your Spells              Type           Power      Damage    Failure   Level
a - Ensorcelled Hibernat  Hex/Ice        20%        N/A       10%         2

Your spell library contained the following spells:

 Spells                   Type           Power      Damage    Failure   Level
 Confusing Touch          Hex            17%        N/A       9%          3
 Tukima's Dance           Hex            17%        N/A       9%          3
 Dazzling Flash           Conj/Hex       18%        N/A       22%         3
 Gell's Gravitas          Tloc           2%         N/A       47%         3
 Lesser Beckoning         Tloc           2%         N/A       47%         3
 Teleport Other           Tloc           2%         N/A       47%         3


Dungeon Overview and Level Annotations

Branches:
Dungeon (3/15)

Altars:
Kikubaaqudgha
Qazlal
Sif Muna

Annotations:
D:2 Natasha, Robin, Sigmund


Innate Abilities, Weirdness & Mutations

You are very small and have problems with some larger weapons.
You are too small for most types of armour.
You have supernaturally acute eyesight. (SInv)
You cover ground extremely quickly. (Speed+++)


Message History

The goblin barely misses you. The goblin hits you with a +0 dagger.
The worm barely misses you.
You hit the worm.
The worm is lightly wounded.
The goblin completely misses you. The goblin misses you.
You hit the worm.
The worm is moderately wounded.
The goblin misses you. The worm misses you. The goblin barely misses you.
You hit the goblin.
The goblin is moderately wounded.
You flicker for a moment.
You catch the helpless goblin completely off-guard!
You puncture the goblin!
You kill the goblin!
The worm misses you.
You hit the worm.
The worm is lightly wounded.
The goblin misses you.
You barely miss the worm.
The worm is lightly wounded.
The goblin closely misses you. The worm closely misses you.
You hit the worm.
The worm is moderately wounded.
The goblin barely misses you.
You hit the worm.
The worm is heavily wounded.
You flicker back into view.
The goblin hits you but does no damage. The worm bites you. x2
* * * LOW HITPOINT WARNING * * *
It was a potion of magic.
Magic courses through your body. The goblin hits you but does no damage.
The worm bites you.
* * * LOW HITPOINT WARNING * * *
Casting: Ensorcelled Hibernation (safe; 10% risk of failure)
Confirm with . or Enter, or press ? or * to list all spells.
Aiming: Ensorcelled Hibernation (safe; 10% risk of failure)
Press: ? - help, Shift-Dir - straight line, f - worm
Aim: a worm (lightly wounded, chance to affect: 52%)
The worm resists with significant effort.
The goblin hits you with a +0 dagger.
You die...

#.#.#.#.#.#.##.........######
.#.⌠.#.⌠.#.⌠.#......^^..≈≈..#
⌠.#.#.#.#.#..'.##.##≈§.^.^^.#
..#.⌠.#.⌠.#.'...≈#§#....#≈§#
⌠.#.#.#.#.#..'....^#...^#≈#≈#####
#.⌠.#.⌠.#.⌠.###..^..§.^≈........
#.#.#.#.#.#.##........_..........
⌠.#.⌠.#...######≈......§§≈≈#####
#.#.#.###### #.#@w###^.§§#≈§#
####### ###ggw§≈##..§###^#
#.##.#≈.#≈^..^.#.#
#.........^.^^.^##
######......##### ########


You could see 2 worms and 2 goblins.

Vanquished Creatures
  A vampire bat (D:3)
  An adder (D:3)
  2 worms (D:2)
  3 dart slugs
  2 orcs (D:3)
  2 ball pythons (D:1)
  2 bats (D:1)
  A bat skeleton (D:3)
  4 bat zombies (D:3)
  2 endoplasms (D:1)
  5 giant cockroaches
  4 hobgoblins
  3 quokkas
  2 frilled lizards
  5 goblins
  A kobold (D:2)
  7 rats
47 creatures vanquished.

Notes
Turn   | Place    | Note
-------+----------+-------------------------------------------
     0 | D:1      | pericles the Spriggan Enchanter began the quest for the
                  | Orb.
     0 | D:1      | Reached XP level 1. HP: 9/9 MP: 5/5
   183 | D:1      | Reached XP level 2. HP: 13/13 MP: 6/6
   858 | D:1      | Found a faded altar of an unknown god.
  1097 | D:1      | Learned a level 2 spell: Ensorcelled Hibernation
  1679 | D:2      | Reached skill level 5 in Stealth
  1679 | D:2      | Reached XP level 3. HP: 16/16 MP: 5/8
  1826 | D:2      | Noticed Natasha
  1994 | D:2      | Noticed Sigmund
  2199 | D:3      | Found a shimmering blue altar of Sif Muna.
  2564 | D:3      | Reached XP level 4. HP: 20/21 MP: 10/10
  2571 | D:3      | Found an ancient bone altar of Kikubaaqudgha.
  2713 | D:3      | Found a stormy altar of Qazlal.
  2754 | D:2      | Noticed Robin
  2783 | D:3      | HP: 1/21 [worm (5)]
  2784 | D:3      | Slain by a goblin

Illustrated notes

Levels and vault maps discovered:
D:1:      minmay_arrival_cross, layout_basic, ebering_ecumenical_altar_hall
D:2:      layout_basic, uniq_sigmund, uniq_terence, uniq_natasha, uniq_robin
D:3:      kb_forest_paths, layout_basic, kennysheep_orc_sif_temple,
          mainiacjoe_overflow_small_starburst, kennysheep_vampire_church,
          grunt_qazlal_sundering, uniq_crazy_yiuf_cottage, uniq_jessica

Skill      XL: |  1  2  3  4 |
---------------+-------------+-----
Hexes          | 4 |  4.4
Spellcasting   | 3 |  3.5
Stealth        | 5 |  5.5
Short Blades   | 2 |  2.1
Dodging        | 3 |  3.2
Fighting       | |  0.3
Ice Magic      | |  0.6

Action                   |  1- 3 |  4- 6 || total
-------------------------+-------+-------++-------
Melee: Dagger            |   147 |    37 ||   184
       Punch             |     1 |     1 ||     2
Throw: Stone             |     1 |     2 ||     3
 Cast: Ensorcelled Hiber |    25 |     1 ||    26
  Use: Scroll            |     2 |       ||     2
       Potion            |       |     2 ||     2
 Stab: Sleeping          |    25 |       ||    25
       Invisible         |       |     3 ||     3
Armor: Robe              |    33 |     6 ||    39
Dodge: Dodged            |   142 |    62 ||   204
